 Dungeon Crawl Stone Soup version 0.14-a0-1817-gb992dfe (webtiles) character file.

8465 Piginabag the Conjurer (level 11, -1/106 HPs)
             Began as a Demonspawn Conjurer on Jan 10, 2014.
             Was a Priest of Sif Muna.
             Slain by an orc
             ... wielding a +0,+0 orcish club
              (2 damage)
             ... on Level 11 of the Dungeon.
             The game lasted 00:59:38 (19452 turns).

Piginabag the Conjurer (Demonspawn Conjurer)       Turns: 19452, Time: 00:59:39

HP  -1/106       AC 25     Str 12      XL: 11   Next:  4%
MP   3/29        EV  1     Int 18      God: Sif Muna [***...]
Gold 406         SH  0     Dex 18      Spells:  6 memorised,  9 levels left

rFire  . . .     SeeInvis .     h - +7,+5 spear "Demon's Funeral" {flame, rPois Dex+3}
rCold  . . .     Clarity  .     j - melded +0 orc leather armour {rPois}
rNeg   + + +     Conserve .     (no shield)
rPois  +         rCorr    .     (helmet restricted)
rElec  .         rRot     .     l - melded +0 cloak
SustAb + .       Spirit   .     m - melded +0 pair of elf gloves
rMut   .         Warding  .     C - melded +0 pair of orc boots
Gourm  +         NoTele   +     y - amulet of the gourmand
                                w - ring of sustain abilities
                                a - cursed +3 ring of strength

@: tree-form (expiring), somewhat resistant to hostile enchantments, quite
stealthy
A: (antennae 0), repulsion field 2, carnivore 1, powered by death 2, powered by
pain 2
a: Channel Energy, Forget Spell, Renounce Religion


You were on level 11 of the Dungeon.
You worshipped Sif Muna.
Sif Muna was most pleased with you.
You were not hungry.
You were an animated tree.
You visited 2 branches of the dungeon, and saw 12 of its levels.

You collected 406 gold pieces.

Inventory:

Hand weapons
 h - the +7,+5 spear "Demon's Funeral" (weapon) {flame, rPois Dex+3}
   (You found it on level 5 of the Dungeon)

   It emits flame when wielded, causing extra injury to most foes and up to
   double damage against particularly susceptible opponents.
   It affects your dexterity (+3).
   It protects you from poison.
 x - a +2 blowgun
Armour
 j - a +0 orcish leather armour of poison resistance (melded)
 l - a +0 cloak (melded)
 m - a +0 pair of elven gloves (melded)
 C - a +0 pair of orcish boots (melded)
Comestibles
 f - an orange
 n - 8 sultanas
 o - a pear
 v - 5 chunks of orc flesh
 E - 2 chunks of orc flesh
 F - 2 meat rations
 I - a cheese
Scrolls
 e - a scroll of teleportation
 i - 2 scrolls of identify
 k - 6 scrolls of remove curse
 s - 2 scrolls of immolation
 t - 4 scrolls of enchant weapon I
 G - a scroll of enchant weapon II
 H - 2 scrolls of blinking
 N - 2 scrolls of curse jewellery
Jewellery
 a - a cursed +3 ring of strength (left branch)
 w - a ring of sustain abilities (right branch)
 y - an amulet of the gourmand (around neck)
 A - a +3 ring of dexterity
Potions
 b - a potion of speed
 d - 3 potions of might
 p - a potion of cure mutation
 z - 2 potions of magic {unknown}
 B - a potion of restore abilities {unknown}
 M - a potion of agility {unknown}
Books
 c - a book of Conjurations

   Spells                             Type                      Level
   *Magic Dart                        Conjuration                  1
   Searing Ray                        Conjuration                  2
   *Dazzling Spray                    Conjuration/Hexes            3
   *Iskenderun's Mystic Blast         Conjuration                  4
   *Iskenderun's Battlesphere         Conjuration/Charms           4
   *Fulminant Prism                   Conjuration/Hexes            5
 g - a book of Summonings

   Spells                             Type                      Level
   Abjuration                         Summoning                    3
   Recall                             Summoning/Translocation      3
   Summon Elemental                   Summoning                    4
   Shadow Creatures                   Summoning                    5
   Summon Demon                       Summoning                    5
   Summon Ugly Thing                  Summoning                    6
 D - a book of Hinderance

   Spells                             Type                      Level
   Confusing Touch                    Hexes                        1
   Slow                               Hexes                        2
   *Confuse                           Hexes                        3
   Petrify                            Transmutation/Earth          4
   Leda's Liquefaction                Hexes/Earth                  4
   Metabolic Englaciation             Hexes/Ice                    6
Magical staves
 r - an uncursed staff of poison


   Skills:
 + Level 1.4 Fighting
 + Level 3.6 Armour
 + Level 7.4 Dodging
 + Level 3.4 Stealth
 + Level 9.8 Spellcasting
 + Level 10.2 Conjurations
 + Level 0.4 Hexes
 + Level 1.1 Charms


You had 9 spell levels left.
You knew the following spells:

 Your Spells              Type           Power        Failure   Level  Hunger
a - Magic Dart            Conj           ####         1%          1    N/A
b - Dazzling Spray        Conj/Hex       ####....     2%          3    N/A
c - Iskenderun's Mystic   Conj           #####...     1%          4    N/A
d - Iskenderun's Battles  Conj/Chrm      ####....     10%         4    N/A
e - Confuse               Hex            ##......     24%         3    N/A
f - Fulminant Prism       Conj/Hex       ####......   28%         5    N/A

Dungeon Overview and Level Annotations

Branches:
Dungeon (11/16)            Temple (1/1) D:6             Orc (0/4) D:11
   Lair: D:8-11

Altars:
Ashenzari
Fedhas
Kikubaaqudgha
Makhleb
Okawaru
Sif Muna
Trog
the Shining One

Shops:
D:9 [

Annotations:
D:3 Piginabag's ghost, average MfSk
D:5 Sigmund
D:7 Menkaure
D:8 2 exclusions


Innate Abilities, Weirdness & Mutations

((You have a pair of small antennae on your head.))*
You are surrounded by a moderate repulsion field (EV +3).
You can steal the life force of defeated enemies.
You sometimes gain power by taking damage.
Your digestive system is specialised to digest meat.


Message History

The orc wizard mumbles some strange words.
The orc wizard seems to speed up.
You hear some strange, mumbled words.
Helpless, you fail to dodge the puff of flame.
The orc warrior hits you but does no damage.
An orc comes into view.
Your transformation is almost over.
The orc hits you but does no damage. It hits you but does no damage.
The orc warrior hits you from afar with an orcish trident!
* * * LOW HITPOINT WARNING * * *
Unknown command.
It'd take too long for a potion to reach your roots.
Unknown command.
Read which item? (? for menu, Esc to quit)
You cannot teleport right now.
There are monsters nearby!
There are monsters nearby!
The orc hits you with an orcish club.
You die...

##>##### #.....
#....### #####'
####)*.# #.%. ###
###'## ##.## #..
#..)### #....
#.8.
#.8)%[####.###
))# ##..%#....#.#
#)###'#######...#
#♣o.## ###...#
#.o.# ##### #o.o#
'###o# #


#oo o8o o You could see an orc warrior, an orc priest (wandering), an orc wizard
and 7 orcs.

Vanquished Creatures
  A hill giant (D:10)
  Psyche (D:9)
  2 wandering mushrooms (D:8)
  A troll (D:10)
  A two-headed ogre (D:10)
  A vampire (D:11)
  A hungry ghost (D:10)
  3 yaks
  2 hippogriffs
  3 manticores
  An orc warrior (D:9)
  2 sky beasts
  6 ogres
  2 black bears
  A crocodile (D:11)
  2 phantoms
  5 centaurs
  A big kobold (D:9)
  A water moccasin (D:8)
  A cyclops skeleton (D:11)
  11 giant frogs
  A manticore skeleton (D:9)
  16 killer bees
  A troll skeleton (D:8)
  An eye of draining (D:10)
  7 crimson imps
  The ghost of Piginabag the Grave Robber, a weakling DENe (D:4)
  A goliath beetle (D:8)
  5 hounds
  2 jellies
  4 iguanas
  4 orc priests
  5 scorpions
  6 worker ants
  11 orc wizards
  A killer bee zombie (D:8)
  An ogre zombie (D:7)
  6 gnolls
  9 adders
  A giant mite (D:1)
  4 worms
  5 giant geckos
  2 oozes
  51 orcs
  23 bats
  A bat zombie (D:5)
  4 giant cockroaches
  10 goblins
  14 hobgoblins
  5 quokkas
  4 ball pythons
  A giant gecko skeleton (D:6)
  A giant gecko zombie (D:6)
  8 giant newts
  12 jackals
  27 kobolds
  17 rats
321 creatures vanquished.

Vanquished Creatures (others)
  A worm (D:8)
  An orc (D:6)
  A jackal zombie (D:8)
3 creatures vanquished.

Grand Total: 324 creatures vanquished

Notes
Turn   | Place    | Note
--------------------------------------------------------------
     0 | D:1      | Piginabag, the Demonspawn Conjurer, began the quest for the Orb.
     0 | D:1      | Reached XP level 1. HP: 13/13 MP: 3/3
   418 | D:1      | Gained mutation: You are surrounded by a mild repulsion field (EV +2). [demonic ancestry]
   418 | D:1      | Reached XP level 2. HP: 19/19 MP: 1/4
   973 | D:1      | Gained mutation: You can steal the life force of nearby defeated enemies. [demonic ancestry]
   973 | D:1      | Reached XP level 3. HP: 24/24 MP: 4/6
  1629 | D:2      | Found a glowing golden altar of the Shining One.
  1647 | D:2      | Learned a level 3 spell: Dazzling Spray
  1829 | D:2      | Reached XP level 4. HP: 13/30 MP: 0/8
  2445 | D:3      | Noticed Piginabag's ghost (average MfSk)
  2972 | D:3      | Reached skill level 5 in Conjurations
  3621 | D:4      | Gained mutation: You sometimes gain a little power by taking damage. [demonic ancestry]
  3621 | D:4      | Reached XP level 5. HP: 28/35 MP: 0/10
  3965 | D:4      | Learned a level 4 spell: Iskenderun's Mystic Blast
  4000 | D:4      | Found a shattered altar of Ashenzari.
  4012 | D:4      | Noticed a hippogriff
  4178 | D:4      | Noticed Piginabag's ghost (weakling DENe)
  4180 | D:4      | Killed Piginabag's ghost
  4229 | D:4      | Noticed a black bear
  5072 | D:5      | Entered Level 5 of the Dungeon
  5278 | D:4      | Reached XP level 6. HP: 37/41 MP: 10/13
  6000 | D:5      | Noticed a centaur
  6006 | D:5      | Killed a centaur
  6146 | D:5      | Noticed a centaur
  6152 | D:5      | Killed a centaur
  6152 | D:5      | Reached skill level 6 in Conjurations
  6359 | D:5      | Gained mutation: You sometimes gain power by taking damage. [demonic ancestry]
  6359 | D:5      | Reached XP level 7. HP: 47/47 MP: 3/15
  6585 | D:5      | Noticed Sigmund
  8277 | D:5      | Reached skill level 1 in Fighting
  8277 | D:5      | Reached skill level 5 in Dodging
  8433 | D:4      | Gained mutation: You have a fast metabolism. [potion of mutation]
  8433 | D:4      | Lost mutation: You have a fast metabolism. [potion of mutation]
  8433 | D:4      | Gained mutation: Your digestive system is specialised to digest meat. [potion of mutation]
  8811 | D:4      | Gained mutation: You have a pair of small antennae on your head. [demonic ancestry]
  8811 | D:4      | Reached XP level 8. HP: 54/54 MP: 13/18
  8947 | D:4      | Killed a hippogriff
  8947 | D:4      | Reached skill level 5 in Spellcasting
  9310 | D:4      | Killed a black bear
 10309 | D:6      | Reached skill level 7 in Conjurations
 10769 | D:6      | Reached skill level 1 in Armour
 10915 | D:6      | Found a staircase to the Ecumenical Temple.
 11005 | D:5      | Got a dazzling spear
 11006 | D:5      | Identified the +7,+5 spear "Demon's Funeral" {flame, rPois Dex+3} (You found it on level 5 of the Dungeon)
 11100 | Temple   | Entered the Ecumenical Temple
 11105 | Temple   | Became a worshipper of Sif Muna the Loreminder
 12548 | D:7      | Noticed Menkaure
 12631 | D:7      | Learned a level 4 spell: Iskenderun's Battlesphere
 12848 | D:7      | Reached XP level 9. HP: 59/59 MP: 9/22
 13652 | D:8      | Found a blossoming altar of Fedhas.
 13684 | D:8      | Acquired Sif Muna's first power
 13684 | D:8      | Reached skill level 8 in Conjurations
 14370 | D:8      | Learned a level 3 spell: Confuse
 15678 | D:8      | Acquired Sif Muna's second power
 15687 | D:8      | Reached skill level 9 in Conjurations
 16060 | D:9      | Gained mutation: You are surrounded by a moderate repulsion field (EV +3). [demonic ancestry]
 16060 | D:9      | Reached XP level 10. HP: 56/65 MP: 15/26
 16085 | D:9      | Found a burning altar of Makhleb.
 16152 | D:9      | Noticed Psyche
 16160 | D:9      | Killed Psyche
 16883 | D:9      | Found an ancient bone altar of Kikubaaqudgha.
 16886 | D:9      | Found Nomu's Antique Armour Boutique.
 17124 | D:10     | Entered Level 10 of the Dungeon
 17692 | D:10     | Noticed a hill giant
 17723 | D:10     | Killed a hill giant
 17878 | D:10     | Reached skill level 10 in Conjurations
 18080 | D:10     | Reached skill level 1 in Charms
 19018 | D:11     | Noticed a four-headed hydra
 19037 | D:11     | Learned a level 5 spell: Fulminant Prism
 19208 | D:11     | Gained mutation: You can steal the life force of defeated enemies. [demonic ancestry]
 19208 | D:11     | Reached XP level 11. HP: 31/71 MP: 7/29
 19404 | D:11     | Found a staircase to the Orcish Mines.
 19451 | D:11     | HP: 1/106 [orc warrior/orcish trident (7)]
 19452 | D:11     | Slain by an orc

Action                   |  1- 3 |  4- 6 |  7- 9 | 10-12 || total
-------------------------+-------+-------+-------+-------++-------
Melee: Unarmed           |    61 |    40 |    54 |       ||   155
       Short sword       |       |    39 |       |       ||    39
       Spear             |       |       |    35 |    20 ||    55
 Cast: Magic Dart        |    86 |   166 |   405 |   209 ||   866
       Iskenderun's Myst |       |    11 |   144 |    54 ||   209
       Dazzling Spray    |       |     2 |     3 |       ||     5
       Iskenderun's Batt |       |       |     1 |    22 ||    23
       Confuse           |       |       |       |     1 ||     1
Evoke: Wand              |       |       |       |     1 ||     1
  Use: Scroll            |       |     5 |    17 |     8 ||    30
       Potion            |       |     2 |    10 |     2 ||    14
